 Seeded DCSS version 0.29.1-1-gd02db6906a (webtiles) character file.

Game seed: 17845553201672341576 (custom seed)

16 Iusername the Trooper (level 2, 26/27 HPs)
             Began as a Minotaur Fighter on Sept 22, 2022.
             Quit the game on level 1 of the Dungeon.
             The game lasted 00:00:33 (615 turns).

Iusername the Trooper (Minotaur Fighter)             Turns: 615, Time: 00:00:33

Health: 26/27      AC:  7    Str: 20    XL:     2   Next: 41%
Magic:  1/1        EV:  9    Int:  5    God:
Gold:   47         SH:  4    Dex:  9    Spells: 1/1 levels left

rFire   . . .      SeeInvis .   a - +0 trident
rCold   . . .      Faith    .   c - +0 buckler
rNeg    . . .      Spirit   .   b - +0 scale mail
rPois   .          Reflect  .   (helmet restricted)
rElec   .          Harm     .   (no cloak)
rCorr   .          Rampage  .   (no gloves)
Will    .....                   (no boots)
Stlth   ..........              (no amulet)
HPRegen 0.09/turn               (no ring)
MPRegen 0.07/turn               (no ring)

@: about to teleport
A: horns 2, retaliatory headbutt
a: no special abilities


You were on level 1 of the Dungeon.
You visited 1 branch of the dungeon, and saw 1 of its levels.

You collected 47 gold pieces.

Inventory:

Hand Weapons
 a - a +0 trident (weapon)
Armour
 b - a +0 scale mail (worn)
 c - a +0 buckler (worn)
Scrolls
 e - 2 scrolls of identify {unknown}
 f - a scroll of torment {unknown}
 g - a scroll of fear {unknown}
 k - a scroll of acquirement
Potions
 d - a potion of might
 h - a potion of heal wounds {unknown}
 i - a potion of curing {unknown}


   Skills:
 + Level 4.0 Fighting
 + Level 2.6 Polearms
 + Level 4.0 Armour
 + Level 3.9 Shields


You had one spell level left.
You didn't know any spells.
Your spell library contained the following spells:

 Spells                   Type           Power      Damage    Failure   Level
 Necrotise                Necr           0%         1d4       89%         1
 Vampiric Draining        Necr           0%         2d6       99%         3
 Agony                    Necr           0%         N/A       100%        5


Dungeon Overview and Level Annotations

Branches:
Dungeon (1/15)

Altars:


Innate Abilities, Weirdness & Mutations

You have a pair of horns on your head.
You reflexively headbutt those who attack you in melee.


Message History

You see here a +0 hand axe.
Found a leather armour.
No target in view!
Unknown command.
You open the door.
A ball python comes into view.
The ball python hisses angrily.
The ball python moves out of view.
No target in view!
Unknown command.
There is an open door here.
You hit the ball python.
You kill the ball python!
Your Fighting skill increases to level 4!
Unknown command.
You open the door.
There is an open door here.
You open the door.
A goblin comes into view. It is wielding a +0 club.
The goblin shouts!
There is an open door here.
Unknown command.
A goblin is nearby!
Unknown command.
You reach to attack!
You closely miss the goblin.
A goblin is nearby!
You barely miss the goblin. The goblin hits you but does no damage.
Unknown command.
A goblin is nearby!
You closely miss the goblin. The goblin hits you with a +0 club.
Unknown command.
A goblin is nearby!
You puncture the goblin!
You kill the goblin!
Your Armour skill increases to level 4!
As you read the scroll labelled UKKUON MUEJU, it crumbles to dust.
You feel strangely unstable.
It was a scroll of teleportation.
This is a scroll of acquirement!
Unknown command.
Are you sure you want to abandon this character and quit the game? (Confirm with "yes".)

##8.8##.....####..
#...##'##......+.....
#... #.........####..
#... #.........# ##.
#... ###.......# #.
##...####....##.### #.
#.......#....##...###.
#....)..#....####.....
#....@.............###
######'###.........# #
#.# #.........# # #.#
#.........###
#####'#####..........
#.......###.##.##...#
#.......'...##.##...#
#.......######.##...#
#.......# #.##...#


There were no monsters in sight!

Vanquished Creatures
  A ball python (D:1)
  2 bats (D:1)
  2 endoplasms (D:1)
  3 giant cockroaches (D:1)
  2 goblins (D:1)
  A frilled lizard (D:1)
  A kobold (D:1)
  2 rats (D:1)
14 creatures vanquished.

Notes
Turn   | Place    | Note
-------+----------+-------------------------------------------
     0 | D:1      | Iusername the Minotaur Fighter began the quest for the Orb.
     0 | D:1      | Reached XP level 1. HP: 19/19 MP: 0/0
   217 | D:1      | Reached XP level 2. HP: 27/27 MP: 1/1
   262 | D:1      | Found a faded altar of an unknown god.
   615 | D:1      | Identified a scroll of acquirement
   615 | D:1      | Quit the game

Illustrated notes

Levels and vault maps discovered:
D:1:      lordsloth_arrival_two_stooges, layout_basic,
          shapermc_ecumenical_altar_petra, dk_noncrumbling_4

Skill      XL: |  1  2 |
---------------+-------+-----
Fighting       | 4 |  4.0
Armour         | 4 |  4.0
Polearms       | |  2.6
Shields        | |  3.9

Action                   || total
-------------------------++-------
Melee: Trident           ||    28
       Headbutt          ||     1
  Use: Scroll            ||     1
Armor: Scale mail        ||    11
Dodge: Dodged            ||    11
Block: Buckler           ||     2
